[Event "Titled Tuesday Blitz May 4 2021"]
[White "Chitlange Sakshi"]
[Black "volunteers1998"]
[WhiteFideId "35002899"]
[WhiteElo "1787"]
[BlackElo "2184"]
[Result "1-0"]
[Round "03"]
[TimeControl "180+1"]
[Date "2021.05.04"]
[WhiteClock "0:00:59"]
[BlackClock "0:01:05"]

1. d4 f5 2. Nc3 Nf6 3. Bg5 d5 4. Bxf6 exf6 5. e3 c6 6. Bd3 Bd6 7. Qf3 g6 8. Nge2 Be6 9. Nf4 Bf7 10. h4 Qe7 11. a3 Nd7 12. g3 O-O-O 13. Na4 Kb8 14. b4 Nf8 15. Nc5 Ne6 16. Nfxe6 Bxe6 17. Rc1 Bf7 18. c4 Rhe8 19. O-O h6 20. Nb3 dxc4 21. Bxc4 Bxc4 22. Rxc4 Qe5 23. dxe5 1-0


[Site "https://www.chess.com"]

[Event "Titled Tuesday Blitz May 4 2021"]
[White "Chyzy, Jakub"]
[Black "maxsergej"]
[WhiteFideId "21806209"]
[WhiteElo "2013"]
[BlackElo "2039"]
[Result "1-0"]
[Round "03"]
[TimeControl "180+1"]
[Date "2021.05.04"]
[WhiteClock "0:00:02"]
[BlackClock "0:00:01"]

1. b3 Nf6 2. Bb2 g6 3. e4 Bg7 4. e5 Nd5 5. d4 d6 6. c4 Nb6 7. exd6 cxd6 8. Nf3 O-O 9. Be2 Nc6 10. O-O Re8 11. Nc3 a6 12. d5 Ne5 13. Nxe5 Bxe5 14. f4 Bg7 15. Qd2 Nd7 16. Ne4 Nf6 17. Nxf6+ exf6 18. Bf3 Bd7 19. Kh1 Rc8 20. Ba3 Bf8 21. Rac1 b5 22. Bb4 bxc4 23. bxc4 Qb6 24. Bc3 Bg7 25. Bd4 Qb8 26. c5 dxc5 27. Bxc5 Qb5 28. Ba3 Rxc1 29. Rxc1 f5 30. h3 Rc8 31. Rxc8+ Bxc8 32. Qc1 Bd7 33. Qc7 h5 34. d6 Bh6 35. Qd8+ Kh7 36. Qh4 Bg7 37. Bxh5 gxh5 38. Qxh5+ Kg8 39. Qg5 Bc6 40. Kh2 Be8 41. Qe7 Kh7 42. Qh4+ Kg8 43. Qg5 Kh8 44. h4 Qb7 45. h5 Qd7 46. h6 Bd4 47. Bb4 Qe6 48. Be1 Qg6 49. Qxg6 fxg6 50. Bh4 Kh7 51. Bg5 Bd7 52. Kg3 1-0


[Site "https://www.chess.com"]

[Event "Titled Tuesday Blitz May 4 2021"]
[White "Crevatin, Leo"]
[Black "Djordjevic, Vuk"]
[WhiteFideId "1726307"]
[BlackFideId "902098"]
[WhiteElo "2081"]
[BlackElo "2463"]
[Result "1-0"]
[Round "03"]
[TimeControl "180+1"]
[Date "2021.05.04"]
[WhiteClock "0:00:02"]
[BlackClock "0:00:03"]

1. d4 Nf6 2. c4 e6 3. Nc3 Bb4 4. e3 O-O 5. Bd3 d5 6. cxd5 exd5 7. Ne2 c5 8. a3 Bxc3+ 9. bxc3 b6 10. O-O Ba6 11. Bxa6 Nxa6 12. Ng3 Nc7 13. f3 Re8 14. Qd3 Qd7 15. e4 dxe4 16. fxe4 Rad8 17. Bg5 cxd4 18. Bxf6 gxf6 19. Nh5 Re6 20. Qg3+ Kf8 21. Nxf6 Rxf6 22. Rxf6 d3 23. Raf1 Ne6 24. Qf2 Kg8 25. Rxf7 Qd6 26. Qd2 Qc5+ 27. Kh1 Qh5 28. R7f6 Qe2 29. Qd1 Qxd1 30. Rxd1 Nc5 31. Rf3 d2 32. Rf2 Nxe4 33. Re2 Nxc3 34. Rexd2 Re8 35. Rc1 Na4 36. h3 Nc5 37. Rd6 Re7 38. Rd8+ Kf7 39. Rc4 Kf6 40. Rf4+ Ke5 41. Rff8 Rc7 42. Rc8 Rb7 43. Rh8 Kd4 44. Rhd8+ Kc4 45. g4 Kb3 46. h4 Kxa3 47. g5 Kb4 48. h5 a5 49. g6 hxg6 50. hxg6 a4 51. Ra8 a3 52. Rdb8 Rg7 53. Rxb6+ Kc4 54. Rxa3 Kd4 55. Rd6+ Ke5 56. Rb6 Ne4 57. Ra5+ Kd4 58. Rh5 Ng3+ 59. Kh2 1-0


[Site "https://www.chess.com"]

[Event "Titled Tuesday Blitz May 4 2021"]
[White "Csonka, Balazs"]
[Black "Escobar Forero, Alder"]
[WhiteFideId "742910"]
[BlackFideId "4400801"]
[WhiteElo "2404"]
[BlackElo "2513"]
[Result "1-0"]
[Round "03"]
[TimeControl "180+1"]
[Date "2021.05.04"]
[WhiteClock "0:00:06"]
[BlackClock "0:00:02"]

1. e4 c5 2. Nf3 Nc6 3. d4 cxd4 4. Nxd4 e5 5. Nb5 a6 6. Nd6+ Bxd6 7. Qxd6 Qe7 8. Qd1 Nf6 9. Nc3 d6 10. Bg5 Be6 11. Be2 O-O 12. O-O Nd4 13. Bd3 h6 14. Be3 Nc6 15. h3 Rfd8 16. Qf3 d5 17. exd5 Nxd5 18. Nxd5 Bxd5 19. Qf5 g6 20. Qg4 Kg7 21. a3 Be6 22. Qg3 f5 23. Rfe1 Rxd3 24. cxd3 f4 25. Bxf4 exf4 26. Qxf4 Qf7 27. Qe3 Bd5 28. Rac1 Rf8 29. Rc5 Rd8 30. f3 Rd7 31. b4 Re7 32. Qf2 Rxe1+ 33. Qxe1 Be6 34. a4 Qd7 35. Qc3+ Kf7 36. b5 axb5 37. axb5 Qd4+ 38. Qxd4 Nxd4 39. Rc7+ Kf6 40. Rxb7 Ke5 41. b6 Bd5 42. Rg7 Kf6 43. b7 1-0


[Site "https://www.chess.com"]

[Event "Titled Tuesday Blitz May 4 2021"]
[White "Cuevas, Alex"]
[Black "Steil-Antoni, Fiona"]
[WhiteFideId "114260"]
[BlackFideId "4001249"]
[WhiteElo "2289"]
[BlackElo "2059"]
[Result "1-0"]
[Round "03"]
[TimeControl "180+1"]
[Date "2021.05.04"]
[WhiteClock "0:00:39"]
[BlackClock "0:00:01"]

1. c4 d6 2. Nc3 e5 3. Nf3 f5 4. d4 e4 5. Ng5 Nf6 6. e3 Be7 7. Nh3 c6 8. Nf4 g5 9. Nh5 O-O 10. h4 Nxh5 11. Qxh5 g4 12. f3 exf3 13. gxf3 Qe8 14. Qxe8 Rxe8 15. Be2 h5 16. Bd2 a6 17. O-O-O b5 18. Rdg1 Bf8 19. a3 Bh6 20. e4 Bxd2+ 21. Kxd2 fxe4 22. fxe4 Be6 23. d5 Bf7 24. Bxg4 hxg4 25. Rxg4+ Kf8 26. Rf1 Ke7 27. Rg7 Rf8 28. h5 Nd7 29. dxc6 Ne5 30. Nd5+ Kd8 31. c7+ Kc8 32. Nb6+ Kxc7 33. Nxa8+ Rxa8 34. Rfxf7+ Nxf7 35. Rxf7+ Kc6 36. cxb5+ axb5 37. h6 Rg8 38. h7 Rg2+ 39. Kc3 Rh2 40. b3 Rh3+ 41. Kb4 Rh4 42. Re7 d5 43. h8=Q Rxh8 44. exd5+ Kxd5 45. Kxb5 Rb8+ 46. Ka4 Ra8+ 47. Kb4 Rb8+ 48. Kc3 Rh8 49. Re3 Kc5 50. a4 Rh1 51. Re5+ Kb6 52. Rg5 Rh4 53. Kb2 Rh3 54. Ka3 Rf3 55. a5+ Ka6 56. Ka4 Rf4+ 57. b4 Rh4 58. Rg6+ Ka7 59. a6 Rf4 60. Ka5 Rf1 61. Rg7+ Ka8 62. b5 Rf6 63. Rg8+ Ka7 64. Rg3 Rh6 65. Rc3 Rf6 66. Rc6 Rf5 67. Rc7+ Kb8 68. a7+ Ka8 69. Rh7 Rf1 70. Ka6 Ra1+ 71. Kb6 1-0


[Site "https://www.chess.com"]

[Event "Titled Tuesday Blitz May 4 2021"]
[White "Daniel, Damian"]
[Black "Nouri, Alekhine"]
[WhiteFideId "1183621"]
[BlackFideId "5216184"]
[WhiteElo "2055"]
[BlackElo "1894"]
[Result "1/2-1/2"]
[Round "03"]
[TimeControl "180+1"]
[Date "2021.05.04"]
[WhiteClock "0:00:05"]
[BlackClock "0:00:18"]

1. d4 Nf6 2. c4 c5 3. d5 b5 4. Qc2 e6 5. e4 Bd6 6. Nf3 Qc7 7. Nc3 a6 8. Be2 exd5 9. cxd5 b4 10. Nd1 O-O 11. Bg5 Ng4 12. h3 Ne5 13. O-O Nxf3+ 14. Bxf3 Be5 15. Rc1 d6 16. Ne3 Nd7 17. Nc4 a5 18. Bg4 f6 19. Be3 Ba6 20. Bxd7 Qxd7 21. Nb6 Qa7 22. Nxa8 Bxf1 23. Kxf1 Rxa8 24. f4 Bd4 25. Bxd4 cxd4 26. Qd3 a4 27. Rc4 b3 28. a3 Qb6 29. Qxd4 Qxd4 30. Rxd4 Rc8 31. Rxa4 Rc2 32. Rb4 Rxb2 33. Rb7 h5 34. a4 Ra2 35. Rxb3 Rxa4 36. Re3 f5 37. e5 Rxf4+ 38. Ke2 dxe5 39. Rxe5 g6 40. Re7 Rd4 41. Rd7 f4 42. Kf3 g5 43. d6 Kh8 44. Kf2 g4 45. hxg4 hxg4 46. Ke2 Kg8 47. Kf2 Rd2+ 48. Kf1 Rd5 49. Kf2 Kf8 50. Kf1 Rd2 51. Kg1 g3 52. Kf1 Ke8 53. Re7+ Kd8 54. Rf7 Rf2+ 55. Ke1 Ke8 56. Re7+ Kd8 57. Rf7 Rxg2 58. Rxf4 Ra2 59. Rg4 Kd7 60. Rxg3 Kxd6 61. Rd3+ Ke5 62. Rd2 Ra3 63. Ke2 Ke4 64. Rc2 Rh3 65. Rd2 Rh2+ 66. Kd1 Rh1+ 67. Kc2 Ke3 68. Rd3+ Ke2 69. Rd2+ Ke3 70. Rd3+ Ke4 71. Rd2 Rh8 72. Re2+ Kf3 73. Rd2 Rc8+ 74. Kb2 Ke3 75. Rc2 Rb8+ 76. Kc1 Kd3 77. Rd2+ Ke4 78. Rc2 Rg8 79. Kd2 Rg2+ 80. Kc3 Rg3+ 81. Kb2 Kd4 82. Rd2+ Kc4 83. Rc2+ Kb4 84. Rf2 Rb3+ 85. Kc2 Re3 86. Rf4+ Kc5 87. Kd2 Rh3 88. Rf2 Kd4 1/2-1/2


[Site "https://www.chess.com"]

[Event "Titled Tuesday Blitz May 4 2021"]
[White "Daulyte-Cornette, Deimante"]
[Black "Williams, Simon K"]
[WhiteFideId "12802859"]
[BlackFideId "404454"]
[WhiteElo "2285"]
[BlackElo "2468"]
[Result "0-1"]
[Round "03"]
[TimeControl "180+1"]
[Date "2021.05.04"]
[WhiteClock "0:00:01"]
[BlackClock "0:00:14"]

1. e4 e6 2. d4 d5 3. Nc3 Bb4 4. exd5 exd5 5. Bd3 c6 6. Ne2 Ne7 7. O-O Bf5 8. Ng3 Bxd3 9. Qxd3 O-O 10. Re1 Na6 11. Bg5 f6 12. Bd2 Qd7 13. Re2 Rae8 14. Rae1 Nc7 15. h3 Bd6 16. Nh5 g6 17. Nf4 Nf5 18. Rxe8 Rxe8 19. Rxe8+ Qxe8 20. Nce2 Qe4 21. Qxe4 dxe4 22. c4 Kf7 23. Be3 g5 24. Nh5 b5 25. c5 Be7 26. Nc3 Nxe3 27. fxe3 f5 28. Ng3 Ke6 29. Nge2 b4 30. Nb1 Nd5 31. Kf2 f4 32. exf4 gxf4 33. Ke1 Bh4+ 34. Kd2 Kf5 35. a3 a5 36. axb4 axb4 37. Ng1 Bf2 38. Ne2 f3 39. gxf3 exf3 40. Nc1 Bxd4 41. Nd3 Ke4 0-1


[Site "https://www.chess.com"]

[Event "Titled Tuesday Blitz May 4 2021"]
[White "De Silva, L M S T"]
[Black "Suvorov, Luca"]
[WhiteFideId "9953698"]
[BlackFideId "12977071"]
[WhiteElo "1621"]
[BlackElo "2127"]
[Result "1-0"]
[Round "03"]
[TimeControl "180+1"]
[Date "2021.05.04"]
[WhiteClock "0:00:30"]
[BlackClock "0:00:02"]

1. e4 e5 2. Nf3 Nc6 3. Bc4 Nf6 4. d3 Be7 5. O-O O-O 6. c3 d6 7. Bb3 Na5 8. Bc2 c5 9. Re1 Nc6 10. Nbd2 Re8 11. a4 Bf8 12. Nf1 h6 13. Ng3 d5 14. exd5 Nxd5 15. h3 Nf4 16. Bxf4 exf4 17. Rxe8 Qxe8 18. Ne4 f5 19. Ned2 g5 20. Nc4 g4 21. Nh2 Qh5 22. Bb3 Kh7 23. Qe2 Bd7 24. hxg4 fxg4 25. Qe4+ Qf5 26. Nxg4 Bg7 27. Nh2 Re8 28. Qxf5+ Bxf5 29. Nd6 Rf8 30. Nxf5 Rxf5 31. d4 Kh8 32. d5 Na5 33. Ba2 c4 34. Rd1 Bf6 35. Ng4 Bg5 36. d6 h5 37. Nh2 Kg7 38. Nf3 Bd8 39. Bb1 Rc5 40. Nd4 Kf6 41. Re1 Rd5 42. Re6+ Kf7 43. Bg6+ Kg7 44. Nf5+ Kf8 45. Re8# 1-0


[Site "https://www.chess.com"]

[Event "Titled Tuesday Blitz May 4 2021"]
[White "Deepan Chakkravarthy J."]
[Black "Zemach, Roee"]
[WhiteFideId "5011132"]
[BlackFideId "2818531"]
[WhiteElo "2490"]
[BlackElo "2131"]
[Result "0-1"]
[Round "03"]
[TimeControl "180+1"]
[Date "2021.05.04"]
[WhiteClock "0:01:50"]
[BlackClock "0:00:38"]

1. d4 Nf6 2. Nf3 d5 3. Nbd2 e6 4. e3 Be7 5. Bd3 O-O 6. Ne5 c5 7. c3 b6 8. O-O Bb7 9. f4 Nbd7 10. Qf3 g6 11. g4 Nxe5 12. fxe5 Nd7 13. Qg2 a5 14. Nf3 Ba6 15. Bxa6 Rxa6 16. g5 Re8 17. h4 Bf8 18. h5 Bg7 19. Bd2 b5 20. Rf2 b4 21. Raf1 Qe7 22. Nh2 a4 23. e4 dxe4 24. Qxe4 a3 25. bxa3 bxc3 26. Rxf7 Qxf7 27. Rxf7 Kxf7 28. Qb7 cxd2 29. Qxd7+ Re7 0-1


[Site "https://www.chess.com"]

[Event "Titled Tuesday Blitz May 4 2021"]
[White "Degtiarev, Evgeny"]
[Black "Molchanov, Alexander"]
[WhiteFideId "4149610"]
[BlackFideId "24177687"]
[WhiteElo "2218"]
[BlackElo "2529"]
[Result "0-1"]
[Round "03"]
[TimeControl "180+1"]
[Date "2021.05.04"]
[WhiteClock "0:00:03"]
[BlackClock "0:00:18"]

1. d4 Nf6 2. c4 g6 3. Nc3 Bg7 4. e4 d6 5. h3 O-O 6. Nf3 Na6 7. Be3 e5 8. d5 Nc5 9. Nd2 a5 10. a3 Nh5 11. b4 Nd7 12. c5 axb4 13. axb4 Rxa1 14. Qxa1 f5 15. cxd6 cxd6 16. Nb5 Ndf6 17. Qa5 fxe4 18. Qxd8 Rxd8 19. Bb6 Rd7 20. Na7 e3 21. fxe3 Ng3 22. Rg1 Nxf1 23. Rxf1 Nxd5 24. Nxc8 Nxb4 25. Ne4 d5 26. Nf6+ Bxf6 27. Rxf6 d4 28. exd4 exd4 29. Rd6 Rf7 30. Bxd4 Rc7 31. Ne7+ Rxe7+ 32. Kd2 Nc6 33. Bc3 Kf7 34. Rf6+ Ke8 35. Rd6 Rd7 36. Rxd7 Kxd7 37. g4 b5 38. h4 Ke6 39. h5 Kd5 40. hxg6 hxg6 41. Ke3 b4 42. Bb2 Ke6 43. Kf4 Na5 44. Kg5 Kf7 45. Kf4 Nc4 46. Bd4 b3 47. Kg5 b2 48. Bxb2 Nxb2 49. Kf4 Nc4 0-1


[Site "https://www.chess.com"]

[Event "Titled Tuesday Blitz May 4 2021"]
[White "Dejmek, Mark"]
[Black "Kiselev, Gennady"]
[WhiteFideId "2017628"]
[BlackFideId "4117107"]
[WhiteElo "2197"]
[BlackElo "2323"]
[Result "0-1"]
[Round "03"]
[TimeControl "180+1"]
[Date "2021.05.04"]
[WhiteClock "0:00:09"]
[BlackClock "0:01:50"]

1. e4 c5 2. Nf3 d6 3. d4 cxd4 4. Nxd4 Nf6 5. Nc3 Nc6 6. Bc4 e6 7. Be3 a6 8. Qe2 Be7 9. O-O-O Qc7 10. Bb3 O-O 11. g4 Nd7 12. Nf5 Nc5 13. Bd5 exf5 14. gxf5 Bf6 15. Bxc6 bxc6 16. Bxc5 dxc5 17. Rhg1 Rb8 18. Qc4 Qf4+ 19. Kb1 Bxf5 20. Qxc5 Bxe4 21. Rd4 Bxd4 0-1


[Site "https://www.chess.com"]

[Event "Titled Tuesday Blitz May 4 2021"]
[White "Demidov, Mikhail"]
[Black "Darini, Pouria"]
[WhiteFideId "4197143"]
[BlackFideId "12502200"]
[WhiteElo "2583"]
[BlackElo "2489"]
[Result "1/2-1/2"]
[Round "03"]
[TimeControl "180+1"]
[Date "2021.05.04"]
[WhiteClock "0:01:47"]
[BlackClock "0:00:21"]

1. Nf3 Nf6 2. e3 g6 3. b4 Bg7 4. Bb2 O-O 5. d4 d5 6. Nbd2 c6 7. c4 a5 8. b5 a4 9. a3 Ne4 10. Bd3 Bf5 11. Bxe4 dxe4 12. Ng5 e5 13. Ndxe4 h6 14. g4 Bc8 15. Nf3 Bxg4 16. Rg1 Bh5 17. Ng3 Bxf3 18. Qxf3 exd4 19. O-O-O cxb5 20. Bxd4 Qc7 21. Bxg7 Qxc4+ 22. Kb1 Kxg7 23. Nh5+ Kh7 24. Qf6 Qb3+ 25. Ka1 Qxa3+ 26. Kb1 Qb4+ 27. Ka1 Qa3+ 28. Kb1 Qb3+ 29. Ka1 Qa3+ 1/2-1/2


[Site "https://www.chess.com"]

[Event "Titled Tuesday Blitz May 4 2021"]
[White "DieHardCuban"]
[Black "Quirke, Jeffrey"]
[BlackFideId "2013029"]
[WhiteElo "2408"]
[BlackElo "2250"]
[Result "0-1"]
[Round "03"]
[TimeControl "180+1"]
[Date "2021.05.04"]
[WhiteClock "0:00:02"]
[BlackClock "0:00:43"]

1. d4 d5 2. c4 e6 3. Nc3 Bb4 4. cxd5 exd5 5. Bf4 c6 6. e3 Ne7 7. Bd3 Bf5 8. Ne2 O-O 9. O-O Bxd3 10. Qxd3 Ng6 11. Bg3 Nd7 12. f3 f5 13. e4 fxe4 14. fxe4 Bxc3 15. Nxc3 dxe4 16. Nxe4 Nf6 17. Nd6 Qd7 18. Qb3+ Kh8 19. Qxb7 Qg4 20. Nf5 Nh5 21. Rae1 Rad8 22. Nd6 Nxg3 23. Nf7+ Rxf7 24. Qxf7 Qxd4+ 25. Rf2 Ne4 26. Re2 Qd1+ 27. Rf1 Qxe2 28. Kh1 Nf2+ 29. Rxf2 Rd1+ 30. Rf1 Rxf1+ 31. Qxf1 Qxf1# 0-1


[Site "https://www.chess.com"]

[Event "Titled Tuesday Blitz May 4 2021"]
[White "Dimic, Pavle"]
[Black "Lizlov, Alexey"]
[WhiteFideId "937428"]
[BlackFideId "4179803"]
[WhiteElo "2216"]
[BlackElo "2272"]
[Result "1-0"]
[Round "03"]
[TimeControl "180+1"]
[Date "2021.05.04"]
[WhiteClock "0:00:57"]
[BlackClock "0:00:02"]

1. d4 Nf6 2. c4 g6 3. Nf3 Bg7 4. g3 O-O 5. Bg2 d6 6. O-O Nbd7 7. Nc3 e5 8. e4 Re8 9. h3 exd4 10. Nxd4 Nc5 11. Re1 a5 12. Rb1 a4 13. b4 axb3 14. axb3 c6 15. Bf4 h6 16. Qc2 Qb6 17. b4 Ncxe4 18. Nxe4 Nxe4 19. c5 dxc5 20. bxc5 Qd8 21. Nxc6 bxc6 22. Bxe4 Rxe4 23. Qxe4 Bf5 24. Qxc6 Bxb1 25. Rxb1 Rc8 26. Qd6 Qf6 27. Qxf6 Bxf6 28. Bd6 Bd4 29. Rc1 Kg7 30. Rc4 Bf6 31. c6 g5 32. c7 Kg6 33. Rb4 1-0


[Site "https://www.chess.com"]

[Event "Titled Tuesday Blitz May 4 2021"]
[White "Dmitrenko, Viktor"]
[Black "Bommini, Mounika Akshaya"]
[WhiteFideId "14110270"]
[BlackFideId "25019872"]
[WhiteElo "2338"]
[BlackElo "1610"]
[Result "0-1"]
[Round "03"]
[TimeControl "180+1"]
[Date "2021.05.04"]
[WhiteClock "0:00:19"]
[BlackClock "0:00:55"]

1. Nf3 d5 2. e3 Nf6 3. c4 c6 4. Nc3 Bf5 5. Qb3 Qb6 6. cxd5 Qxb3 7. axb3 Nxd5 8. Nd4 Bd7 9. Nxd5 cxd5 10. Nb5 Bxb5 11. Bxb5+ Nc6 12. Ra6 Kd7 13. Bxc6+ bxc6 14. d4 Kc7 15. Bd2 Kb7 16. Ra5 e6 17. Ke2 Bd6 18. Rha1 Rhb8 19. Kd3 Kc8 20. Kc2 Rb7 21. Ra6 Kc7 22. Ba5+ Kd7 23. Bb6 Bb8 24. b4 Bd6 25. Bc5 Bxc5 26. bxc5 Kc7 27. b4 Rxb4 0-1


[Site "https://www.chess.com"]

[Event "Titled Tuesday Blitz May 4 2021"]
[White "Dobrov, Vladimir"]
[Black "Madaminov, Mukhiddin"]
[WhiteFideId "4136594"]
[BlackFideId "14210703"]
[WhiteElo "2614"]
[BlackElo "1747"]
[Result "1-0"]
[Round "03"]
[TimeControl "180+1"]
[Date "2021.05.04"]
[WhiteClock "0:01:27"]
[BlackClock "0:01:14"]

1. d4 Nf6 2. c4 e6 3. Nf3 Bb4+ 4. Nbd2 b6 5. a3 Bxd2+ 6. Qxd2 Bb7 7. e3 d6 8. Be2 Nbd7 9. O-O O-O 10. b4 Ne4 11. Qe1 f5 12. Nd2 Nxd2 13. Bxd2 Qg5 14. f3 Nf6 15. a4 e5 16. d5 e4 17. f4 Qg6 18. Bc3 Rfc8 19. a5 a6 20. Qd2 Qf7 21. Bd4 b5 22. cxb5 axb5 23. Bxb5 Qxd5 24. Qe2 Qe6 25. Rfc1 Nd5 26. a6 Bxa6 27. Bxa6 Rcb8 28. Bc4 Rxa1 29. Rxa1 Rxb4 30. Ra8+ Kf7 31. Qh5+ Qg6 32. Bxd5+ Ke7 33. Qh4+ 1-0


[Site "https://www.chess.com"]

[Event "Titled Tuesday Blitz May 4 2021"]
[White "Dudzinski, Pawel"]
[Black "AwareIdea"]
[WhiteFideId "1117890"]
[WhiteElo "2193"]
[BlackElo "2526"]
[Result "0-1"]
[Round "03"]
[TimeControl "180+1"]
[Date "2021.05.04"]
[WhiteClock "0:00:06"]
[BlackClock "0:00:34"]

1. e4 c5 2. Nc3 Nc6 3. g3 e5 4. Bg2 g6 5. d3 Bg7 6. Be3 d6 7. Qd2 h6 8. f4 Nge7 9. f5 gxf5 10. Nge2 Be6 11. O-O Qd7 12. Nd5 Nd4 13. Nxe7 Nxe2+ 14. Qxe2 Kxe7 15. exf5 Bxf5 16. Bxb7 Rab8 17. Bd5 Bg6 18. c3 Kf8 19. Rf2 f5 20. g4 Bf6 21. gxf5 Bf7 22. Qf3 Rg8+ 23. Kh1 Bg5 24. Bxf7 Qxf7 25. Rg1 Bxe3 26. Rxg8+ Kxg8 27. Qxe3 Kh7 28. f6 Qd5+ 29. Qe4+ Qxe4+ 30. dxe4 Rf8 31. Kg2 Kg6 32. Kg3 Rxf6 33. Rxf6+ Kxf6 34. b4 cxb4 35. cxb4 Ke6 36. Kf3 d5 37. exd5+ Kxd5 38. a3 Kc4 39. Ke4 Kb3 40. Kxe5 Kxa3 41. Kf6 Kxb4 42. Kg6 a5 43. Kxh6 a4 44. h4 a3 45. h5 a2 46. Kh7 a1=Q 47. h6 Qf6 48. Kg8 Qg6+ 0-1


[Site "https://www.chess.com"]

[Event "Titled Tuesday Blitz May 4 2021"]
[White "Dushyant Sharma"]
[Black "Sapunov, Evgeny"]
[WhiteFideId "25065130"]
[BlackFideId "4126661"]
[WhiteElo "2019"]
[BlackElo "2470"]
[Result "0-1"]
[Round "03"]
[TimeControl "180+1"]
[Date "2021.05.04"]
[WhiteClock "0:01:20"]
[BlackClock "0:01:44"]

1. e4 c5 2. Nf3 d6 3. d4 cxd4 4. Nxd4 Nf6 5. Nc3 Nc6 6. f4 g6 7. Nf3 Bg7 8. Bd3 O-O 9. O-O a6 10. Kh1 b5 11. a3 Bb7 12. Qe1 Rc8 13. Bd2 e6 14. Qh4 Nh5 15. Qh3 f5 16. Rae1 Qd7 17. exf5 exf5 18. Nd5 Rce8 19. Bc3 Bxc3 20. Nxc3 Nxf4 21. Qh4 Nxd3 22. cxd3 Ne5 23. Nxe5 dxe5 24. Re3 Rf7 25. Rfe1 Qd6 26. a4 b4 27. Nd1 f4 28. R3e2 f3 29. Re4 fxg2+ 30. Kxg2 Qxd3 31. Nf2 Qf3+ 32. Kg1 Bxe4 33. Rxe4 Rf4 34. Rxf4 exf4 35. Ng4 Qd1+ 36. Kg2 Re2+ 37. Nf2 Qd5+ 38. Kg1 0-1


[Site "https://www.chess.com"]

[Event "Titled Tuesday Blitz May 4 2021"]
[White "Efremov, Vladislav"]
[Black "Sokolovsky, Yahli"]
[WhiteFideId "44159935"]
[BlackFideId "2820242"]
[WhiteElo "2022"]
[BlackElo "1770"]
[Result "0-1"]
[Round "03"]
[TimeControl "180+1"]
[Date "2021.05.04"]
[WhiteClock "0:00:04"]
[BlackClock "0:00:04"]

1. d4 d6 2. Nf3 g6 3. g3 Bg7 4. Bg2 Nf6 5. c4 O-O 6. O-O Nbd7 7. Nc3 e5 8. e4 c6 9. h3 Qc7 10. Be3 Re8 11. d5 c5 12. Qd3 h6 13. a3 b6 14. b4 Ba6 15. Nb5 Qb8 16. bxc5 Nxc5 17. Bxc5 bxc5 18. Rab1 Bxb5 19. Rxb5 Qc7 20. Rfb1 Reb8 21. Nd2 Nd7 22. Rxb8+ Rxb8 23. Rxb8+ Qxb8 24. Qb3 Qxb3 25. Nxb3 Bf6 26. Bf1 Bd8 27. Bd3 Kf8 28. Kf1 Ke7 29. Ke2 Nb8 30. f4 Nd7 31. Nd2 exf4 32. gxf4 Nb6 33. e5 Bc7 34. Ne4 Nd7 35. exd6+ Bxd6 36. Kf3 Nf6 37. Nxf6 Kxf6 38. Ke4 Bc7 39. Be2 Ke7 40. Bf3 f5+ 41. Ke3 Ba5 42. Bd1 Bc3 43. Ba4 Bb2 44. Bb5 Bxa3 45. Kf3 Bc1 46. Ba4 Bb2 47. Bb5 Bc3 48. Ba4 a5 49. Bb5 Bd2 50. Ba4 Bc3 51. Bb5 Bg7 52. Ba4 Bf8 53. Bb5 Kf6 54. Ba4 Bd6 55. Be8 g5 56. fxg5+ hxg5 57. Ba4 Ke5 58. Bd7 Bf8 59. Bb5 Kd4 60. Bd7 Kxc4 61. Bxf5 Kxd5 62. Bb1 Kc4 63. Kg4 Be7 64. Kf5 Kb3 65. Ke6 Bd8 66. Kd5 c4 67. Bf5 c3 68. Kd4 c2 69. Be6+ Kb2 0-1


[Site "https://www.chess.com"]

[Event "Titled Tuesday Blitz May 4 2021"]
[White "Espinosa Veloz, Ermes"]
[Black "Todorovic, Bojan"]
[WhiteFideId "3507424"]
[BlackFideId "917087"]
[WhiteElo "2333"]
[BlackElo "2266"]
[Result "1-0"]
[Round "03"]
[TimeControl "180+1"]
[Date "2021.05.04"]
[WhiteClock "0:00:05"]
[BlackClock "0:00:01"]

1. e4 e5 2. Nf3 Nc6 3. Bc4 Nf6 4. Ng5 d5 5. exd5 b5 6. Bxb5 Qxd5 7. Bxc6+ Qxc6 8. O-O h6 9. Nf3 e4 10. Ne5 Qd5 11. d4 c5 12. Be3 Bd6 13. Nc3 Qe6 14. f4 exf3 15. Qxf3 Rb8 16. Nc6 Rxb2 17. dxc5 Bc7 18. Rae1 O-O 19. Bd4 Qg4 20. Bxf6 Qxf3 21. Rxf3 gxf6 22. Nd5 Be5 23. Nxe5 fxe5 24. Rxe5 Rxc2 25. c6 Be6 26. Rc3 Rxc3 27. Nxc3 Rc8 28. Rc5 Kf8 29. Kf2 Ke7 30. Ke3 Kd6 31. Ne4+ Kc7 32. a3 Rb8 33. Rh5 Rb3+ 34. Kf4 Rxa3 35. Rxh6 Kxc6 36. h4 a5 37. h5 a4 38. Rh8 Ra1 39. h6 a3 40. h7 a2 41. Ra8 Rh1 42. Ng5 Rh4+ 43. Kg3 Rg4+ 44. Kf3 1-0


[Site "https://www.chess.com"]

[Event "Titled Tuesday Blitz May 4 2021"]
[White "Eswaran, Ashritha"]
[Black "Elissalt Cardenas, Hector"]
[WhiteFideId "2080788"]
[BlackFideId "3500632"]
[WhiteElo "2382"]
[BlackElo "2198"]
[Result "1-0"]
[Round "03"]
[TimeControl "180+1"]
[Date "2021.05.04"]
[WhiteClock "0:00:48"]
[BlackClock "0:00:06"]

1. e4 d6 2. d4 Nf6 3. Nc3 e5 4. Nf3 Nbd7 5. Bc4 Be7 6. O-O O-O 7. a4 c6 8. a5 Rb8 9. Re1 b5 10. axb6 axb6 11. h3 b5 12. Bb3 Bb7 13. d5 b4 14. dxc6 bxc3 15. cxb7 cxb2 16. Bxb2 Rxb7 17. Ba3 Qc7 18. Nh4 g6 19. Bc1 Nc5 20. Bh6 Nxb3 21. cxb3 Rfb8 22. Rb1 Qd7 23. Nf3 Qc6 24. Qd3 Qb5 25. Qxb5 Rxb5 26. Nd2 Nd7 27. Be3 f5 28. f3 Bh4 29. Rec1 f4 30. Bf2 Bxf2+ 31. Kxf2 Nc5 32. Rc3 Kf7 33. Ke2 Ke6 34. Kd1 Kd7 35. Kc2 Ne6 36. Kd3 Nd4 37. h4 h6 38. h5 g5 39. Rb2 g4 40. fxg4 Rg8 41. Nf3 Ne6 42. b4 Rxg4 43. Ra3 Nc5+ 44. Kc4 Rb7 45. Nxe5+ dxe5 46. Kxc5 Rg8 47. b5 Rc8+ 48. Kd5 Rc1 49. Rd3 Ke7 50. Kxe5 Rc5+ 51. Rd5 Rc3 52. Kxf4 1-0


[Site "https://www.chess.com"]

[Event "Titled Tuesday Blitz May 4 2021"]
[White "Eynullayev, Atilla"]
[Black "Maiorov, Nikita"]
[WhiteFideId "13413570"]
[BlackFideId "13501720"]
[WhiteElo "1997"]
[BlackElo "2440"]
[Result "0-1"]
[Round "03"]
[TimeControl "180+1"]
[Date "2021.05.04"]
[WhiteClock "0:00:05"]
[BlackClock "0:01:57"]

1. e4 e5 2. Nf3 Nc6 3. Bb5 a6 4. Ba4 Nf6 5. O-O Be7 6. Re1 b5 7. Bb3 d6 8. c3 O-O 9. h3 Na5 10. Bc2 c5 11. d4 Nd7 12. Nbd2 exd4 13. cxd4 Nc6 14. Nf1 Nxd4 15. Nxd4 cxd4 16. Qxd4 Ne5 17. Ne3 Bf6 18. Qd1 Be6 19. Nd5 Bxd5 20. Qxd5 Rc8 21. Re2 Nc4 22. Rb1 Rc5 23. Qd1 Re8 24. b3 Ne5 25. Be3 Rc8 26. Rd2 Qe7 27. Rc1 Red8 28. Bb1 Rxc1 29. Qxc1 h6 30. Bb6 Re8 31. a4 bxa4 32. bxa4 Qb7 33. a5 Bg5 34. Be3 Bxe3 35. fxe3 Qb4 36. Ra2 Rb8 37. Bc2 Rc8 38. Qd1 Qc5 39. Qd2 Nc4 40. Qd4 Nxe3 41. Qxc5 dxc5 42. Bd3 c4 43. Be2 c3 44. Bxa6 c2 0-1


[Site "https://www.chess.com"]

[Event "Titled Tuesday Blitz May 4 2021"]
[White "Ferguson, Randal"]
[Black "Terletsky, Oleg"]
[WhiteFideId "30903106"]
[BlackFideId "14116774"]
[WhiteElo "2134"]
[BlackElo "2094"]
[Result "0-1"]
[Round "03"]
[TimeControl "180+1"]
[Date "2021.05.04"]
[WhiteClock "0:00:04"]
[BlackClock "0:00:10"]

1. e4 e5 2. Nf3 Nc6 3. Bb5 a6 4. Bxc6 dxc6 5. O-O f6 6. d4 exd4 7. Nxd4 c5 8. Nb3 Qxd1 9. Rxd1 Bd7 10. Nc3 O-O-O 11. Be3 b6 12. a4 a5 13. Nb5 Bxb5 14. axb5 Ne7 15. Nd2 f5 16. Bg5 fxe4 17. Nxe4 Re8 18. f3 Nf5 19. c3 Be7 20. Bf4 Rd8 21. Ng5 Rxd1+ 22. Rxd1 Bxg5 23. Bxg5 Nd6 24. b4 axb4 25. cxb4 c4 26. Rd4 c3 27. Bf4 Nxb5 28. Rc4 Re8 29. Kf2 Kb7 30. h4 c6 31. g4 Ra8 32. h5 Ra2+ 33. Kg3 c2 34. g5 Na3 35. Re4 Ra1 36. Re7+ Ka6 37. Rxg7 Nc4 38. g6 hxg6 39. h6 Rh1 40. h7 Kb5 41. Kg2 Rh5 42. Kg3 Ne5 43. Bxe5 c1=Q 0-1


[Site "https://www.chess.com"]